Map: Автоматон РВ

Players

Doll - Winner!

  • Race: Zerg Zerg
  • Spawn Location: 9:00

ИИ 1 (новичок)

  • Race: Terran Terran
  • Spawn Location: 3:00

VOD

Have the link to the VOD?

Description

Time

  • Played on: March 22, 2021, 12:03 p.m.
  • Length: 9:18
Show
View Real Time Build Order
Export as new Build Order

Doll Zerg - Winner!

Build Orders: Hatch First, Muta Ling Bane 

Get SALT Encoding   

  12  0:01  Drone  
  13  0:14  Overlord  
  13  0:19  Drone  
  14  0:33  Drone x2  
  16  0:37  Drone  
  17  0:57  Hatchery  
  17  0:58  Drone  
  17  1:02  Drone  
  18  1:09  Drone  
  18  1:11  Extractor  
  18  1:23  Spawning Pool  
  18  1:24  Drone  
  18  1:30  Drone  
  19  1:40  Overlord  
  19  1:52  Drone  
  20  1:55  Extractor  
  19  2:10  Queen, Zergling x4  
  19  2:11  Queen  
  19  2:13  Drone  
  26  2:20  Drone  
  27  2:24  Drone  
  28  2:30  Drone  
  28  2:36  Drone  
  30  2:42  Drone, Spine Crawler  
  30  2:45  Drone  
  31  2:52  Drone  
  31  2:57  Lair  
  32  3:00  Drone  
  32  3:05  Zergling x2  
  34  3:07  Zergling x2  
  34  3:13  Overlord  
  34  3:17  Zergling x2  
  35  3:20  Metabolic Boost  
  34  3:29  Baneling Nest, Zergling x2  
  34  3:33  Drone  
  35  3:34  Drone  
  35  3:37  Drone  
  35  3:40  Drone  
  38  3:43  Drone  
  38  3:45  Drone  
  40  3:48  Drone  
  40  3:52  Drone  
  42  3:56  Overlord  
  42  4:00  Drone  
  43  4:09  Spire  
  42  4:11  Drone  
  42  4:13  Drone  
  42  4:16  Baneling x4  
  44  4:18  Baneling x2  
  44  4:21  Zergling x2  
  44  4:22  Zergling x2  
  46  4:24  Zergling x2  
  46  4:26  Drone  
  46  4:30  Drone  
  49  4:33  Drone x2  
  49  4:34  Drone  
  49  4:38  Extractor  
  51  4:39  Drone  
  51  4:40  Extractor  
  51  4:41  Overlord  
  51  4:46  Centrifical Hooks  
  51  4:50  Overlord  
  51  5:04  Drone x5  
  51  5:05  Drone  
  57  5:14  Overseer  
  57  5:16  Overseer  
  57  5:17  Pneumatized Carapace  
  57  5:20  Mutalisk  
  57  5:21  Mutalisk  
  59  5:25  Mutalisk  
  59  5:27  Overlord  
  63  5:32  Drone  
  64  5:43  Mutalisk x2  
  64  5:45  Hatchery  
  64  5:46  Overlord  
  67  5:51  Zergling x4  
  67  5:54  Zergling x2  
  67  5:55  Mutalisk  
  72  5:58  Drone x2  
  72  5:59  Drone  
  75  6:04  Mutalisk  
  75  6:08  Zergling x2  
  78  6:13  Evolution Chamber  
  78  6:16  Drone  
  78  6:19  Mutalisk  
  78  6:20  Queen  
  78  6:22  Queen  
  78  6:25  Overlord  
  84  6:34  Overlord, Spore Crawler  
  84  6:39  Infestation Pit  
  82  6:40  Drone x2  
  82  6:43  Roach Warren  
  82  6:44  Zerg Melee Weapons Level 1  
  82  6:46  Mutalisk  
  83  6:50  Mutalisk  
  83  6:53  Drone  
  88  6:54  Drone  
  88  6:57  Drone x2  
  88  7:01  Drone x2  
  93  7:02  Drone  
  93  7:07  Drone  
  93  7:08  Hydralisk Den  
  94  7:09  Drone  
  94  7:12  Drone  
  96  7:15  Baneling x2  
  96  7:16  Baneling x4  
  96  7:17  Baneling x2  
  96  7:20  Drone x2  
  96  7:21  Drone  
  99  7:26  Drone  
  99  7:27  Drone x2  
  102  7:35  Hive  
  102  7:38  Glial Reconstitution  
Show
View Real Time Build Order
Export as new Build Order

ИИ 1 (новичок) Terran 

Build Orders: Reaper Expand 

Get SALT Encoding   

  12  0:00  SCV  
  13  0:13  SCV  
  14  0:19  Supply Depot  
  14  0:42  Barracks  
  14  1:06  Command Center  
  14  1:29  Orbital Command  
  14  1:30  Marine  
  15  1:33  Supply Depot  
  15  1:40  Refinery  
  15  1:52  Refinery  
  15  1:55  SCV  
  16  2:07  SCV  
  17  2:19  SCV  
  17  2:20  Reaper  
  17  2:21  SCV  
  20  2:31  SCV  
  20  2:35  SCV  
  22  2:43  SCV  
  23  2:49  SCV  
  24  2:56  SCV  
  25  3:03  SCV  
  25  3:04  Refinery  
  26  3:11  Marine, SCV  
  27  3:18  SCV  
  27  3:25  Refinery, SCV  
  27  3:33  SCV  
  28  3:40  SCV  
  29  3:41  Factory  
  29  4:00  SCV  
  30  4:03  Marine  
  30  4:07  SCV  
  32  4:14  Supply Depot, SCV  
  33  4:21  SCV  
  33  4:22  Barracks Tech Lab  
  34  4:28  Starport  
  34  4:29  SCV  
  35  4:36  SCV  
  36  4:41  Supply Depot  
  36  4:43  SCV  
  37  4:50  SCV  
  38  4:55  Marauder  
  38  4:57  SCV  
  41  5:05  SCV  
  41  5:06  Starport Tech Lab  
  42  5:12  SCV  
  43  5:19  SCV  
  44  5:26  Raven  
  46  5:45  Marine  
  47  6:09  Raven  
  49  6:37  Marine  
  50  7:29  Marauder  
  52  8:11  Viking  
  52  8:12  SCV  
  54  8:15  Supply Depot  
  54  8:19  SCV  
  39  8:27  SCV  
  28  8:34  SCV  
  28  8:40  Hellion  
  23  8:42  SCV  
  6  8:56  SCV  
Tags
 
Add a new tag
Caveats
  • Supply blocks, unpowered buildings, or Contaminate may cause inaccurate times.
  • Supply counts are checked every 10 seconds.